 Dungeon Crawl Stone Soup version 0.19-a0-904-ga29959e (webtiles) character file.

7476 MrRokkomies the Carver (level 10, -2/77 HPs)
             Began as a Vampire Gladiator on July 5, 2016.
             Was a Priest of Kikubaaqudgha.
             Killed from afar by Erica (28 damage)
             ... with a wand of lightning
             ... on level 10 of the Dungeon.
             The game lasted 00:28:48 (13351 turns).

MrRokkomies the Carver (Vampire Gladiator)         Turns: 13351, Time: 00:28:49

Health: -2/77      AC: 14    Str: 17    XL:     10   Next: 94%
Magic:  0/10       EV: 11    Int: 14    God:    Kikubaaqudgha [***...]
Gold:   768        SH:  0    Dex: 15    Spells: 2 memorised, 3 levels left

rFire  + . .     SeeInvis +     a - +5 great sword "Vesmopub" {slice, rC+ Str+3}
rCold  + . .     Gourm    .     o - +0 scale mail
rNeg   + . .     Faith    .     (shield currently unavailable)
rPois  .         Spirit   +     c - +1 helmet
rElec  .         Dismiss  .     g - +0 cloak
rCorr  .         Reflect  .     r - +0 pair of gloves
SustAt .         Harm     .     C - +0 pair of boots
MR     +....                    I - amulet of guardian spirit
Stlth  ..........               j - ring of protection from fire
                                f - +3 ring of protection

@: lethally poisoned (-2 -> -13), somewhat resistant to hostile enchantments,
extremely unstealthy
A: fangs 3, see invisible, unbreathing
a: Bat Form, Receive Corpses, Renounce Religion


You were on level 10 of the Dungeon.
You worshipped Kikubaaqudgha.
Kikubaaqudgha was most pleased with you.
You were not thirsty.

You visited 2 branches of the dungeon, and saw 11 of its levels.

You collected 828 gold pieces.
You spent 60 gold pieces at shops.

Inventory:

Hand Weapons
 a - the +5 great sword "Vesmopub" (weapon) {slice, rC+ Str+3}
   (You acquired it on level 9 of the Dungeon)

   It inflicts extra damage upon your enemies.
   It affects your strength (+3).
   It protects you from cold.
 q - a cursed -3 shortbow
 y - a +0 blowgun
Missiles
 i - 17 tomahawks
 u - 177 arrows
 z - 14 poisoned needles
 A - a javelin (quivered)
Armour
 c - a +1 helmet (worn)
 g - a +0 cloak (worn)
 o - a +0 scale mail (worn)
 r - a +0 pair of gloves (worn)
 C - a +0 pair of boots (worn)
Jewellery
 f - a +3 ring of protection (left hand)
 h - an uncursed ring of fire
 j - a ring of protection from fire (right hand)
 m - an uncursed ring of wizardry
 n - an uncursed ring of ice
 v - an uncursed ring of positive energy
 I - an amulet of guardian spirit (around neck)
Wands
 d - a wand of iceblast (0/15)
 E - a wand of digging (10/24)
 J - a wand of iceblast (3/15)
Scrolls
 e - 6 scrolls of teleportation
 l - 4 scrolls of amnesia
 p - 4 scrolls of identify
 s - 5 scrolls of remove curse
 x - 2 scrolls of enchant weapon
 D - a scroll of fog
 H - a scroll of magic mapping
 N - a scroll of fear
Potions
 k - 3 potions of curing
 t - a potion of brilliance
 B - a potion of ambrosia
 G - a potion of magic
 K - a potion of invisibility
 M - a potion of berserk rage
 O - a potion of lignification
Books
 w - Kikubaaqudgha's Guide on Sinister Rituals
   (Kikubaaqudgha gifted it to you on level 7 of the Dungeon)

   Spells                             Type                      Level
   a - Animate Skeleton               Necromancy                   1
   b - Corpse Rot                     Necromancy                   2
   c - Sublimation of Blood           Necromancy                   2
   d - Vampiric Draining              Necromancy                   3
   e - Control Undead                 Necromancy                   4
 L - Kikubaaqudgha's Guide on Stolen Souls
   (Kikubaaqudgha gifted it to you on level 9 of the Dungeon)

   Spells                             Type                      Level
   a - Agony                          Necromancy                   5
   b - Cigotuvi's Embrace             Necromancy                   5
   c - Dispel Undead                  Necromancy                   5
   d - Simulacrum                     Ice/Necromancy               6
   e - Death Channel                  Necromancy                   6
 P - a book of Misfortune

   Spells                             Type                      Level
   a - Confusing Touch                Hexes                        1
   b - Confuse                        Hexes                        3
   c - Gell's Gravitas                Hexes/Translocation          3
   d - Petrify                        Transmutation/Earth          4
   e - Metabolic Englaciation         Hexes/Ice                    5
   f - Yara's Violent Unravelling     Hexes/Transmutation          5
Miscellaneous
 b - a phantom mirror


   Skills:
 - Level 6.8 Fighting
 * Level 12.2 Long Blades
 - Level 1.5 Throwing
 - Level 3.2 Dodging
 * Level 10.1 Necromancy


You had 3 spell levels left.
You knew the following spells:

 Your Spells              Type           Power        Failure   Level  Hunger
a - Animate Skeleton      Necr           N/A          1%          1    ##.....
b - Agony                 Necr           ####....     50%         5    ######.


Dungeon Overview and Level Annotations

Branches:
Dungeon (10/15)            Temple (1/1) D:5
   Lair: D:8-11         Orc: D:9-12

Altars:
Ashenzari
Cheibriados
Dithmenos
Elyvilon
Fedhas
Gozag
Hepliaklqana
Kikubaaqudgha
Makhleb
Nemelex Xobeh
Okawaru
Pakellas
Qazlal
Ru
Sif Muna
Trog
Uskayaw
Vehumet
Xom
Yredelemnul
Zin
The Shining One

Shops:
D:8 ([!

Annotations:
D:9 exclusion: ice statue
D:10 Erica


Innate Abilities, Weirdness & Mutations

You have razor-sharp teeth.
You have supernaturally acute eyesight. (SInv)
You can survive without breathing.


Message History

Erica zaps a wand.
The bolt of lightning hits you!
There is an open door here.
You hit Erica.
Erica is lightly wounded.
Erica gestures at you while chanting. The bolt of poison hits you!
You are poisoned.
* * * LOW HITPOINT WARNING * * *
You slice Erica!! Your bite misses Erica.
Erica is heavily wounded.
* * * LOW HITPOINT WARNING * * *
You feel sick.
Erica hits you with a scimitar of flaming!
* * * LOW HITPOINT WARNING * * *
Erica burns you.
* * * LOW HITPOINT WARNING * * *
You feel much better.
You feel sick.
Erica zaps a wand.
The bolt of lightning hits you!
You die...
Kikubaaqudgha rasps: "You have failed me!
Welcome... oblivion!"

#.@................# #..
#..................# #..
#..................# #..
#..................####..
#...................
#...................
#...................
#..@................
###@##.....##)######
#...#.....#.)).....
#...#.....#.)#.....
#...#.....#..##....
#...#.....#..##....
#...#.....#........
##..#.....##+##....
###'#.........#....
#...#.........#....


You could see Erica.

Vanquished Creatures
  A hill giant (D:10)
  Pikel (D:7)
  A two-headed ogre (D:8)
  A wyvern (D:8)
  A hungry ghost (D:9)
  Grum (D:10)
  4 hippogriffs
  3 sky beasts
  A slave (D:7)
  11 ice beasts (D:9)
  3 orc warriors
  A necrophage (D:10)
  4 ogres
  2 wolves (D:10)
  6 centaurs
  A big kobold (D:7)
  4 giant frogs
  A gnoll sergeant (D:7)
  3 scorpions
  5 electric eels (D:9)
  4 wights (D:8)
  2 howler monkeys
  3 crimson imps
  2 centaur zombies
  A quasit (D:8)
  6 hounds
  6 orc priests
  7 jellies
  A giant frog skeleton (D:6)
  11 orc wizards
  A centaur skeleton (D:4)
  3 iguanas
  8 worker ants
  2 hound skeletons
  A howler monkey zombie (D:8)
  5 gnolls (D:7)
  12 adders
  2 shadow imps
  6 oozes
  2 adder zombies
  An adder skeleton (D:7)
  4 worms (D:2)
  A dart slug (D:2)
  5 giant geckos
  34 orcs
  A ball python (D:1)
  9 bats
  2 giant cockroaches
  8 goblins
  19 hobgoblins
  10 jackals
  4 quokkas
  A ball python skeleton (D:6)
  A giant gecko zombie (D:5)
  3 giant newts
  A jackal zombie (D:5)
  16 kobolds
  A quokka skeleton (D:6)
  3 rats (D:2)
264 creatures vanquished.

Vanquished Creatures (collateral kills)
  A crocodile (D:8)
  A hound (D:8)
  A quokka (D:9)
3 creatures vanquished.

Vanquished Creatures (others)
  An orc wizard (D:5)
  An orc (D:7)
  8 plants
10 creatures vanquished.

Grand Total: 277 creatures vanquished

Notes
Turn   | Place    | Note
-------+----------+-------------------------------------------
     0 | D:1      | MrRokkomies the Vampire Gladiator began the quest for the Orb.
     0 | D:1      | Reached XP level 1. HP: 16/16 MP: 1/1
   130 | D:1      | Reached XP level 2. HP: 21/22 MP: 2/2
   731 | D:2      | Reached XP level 3. HP: 24/28 MP: 3/3
   964 | D:2      | Reached skill level 4 in Long Blades
  1080 | D:2      | Reached XP level 4. HP: 33/34 MP: 4/4
  1154 | D:2      | Found a sacrificial altar of Ru.
  2383 | D:3      | Reached XP level 5. HP: 41/41 MP: 5/5
  2576 | D:4      | Reached skill level 5 in Long Blades
  2882 | D:4      | Reached XP level 6. HP: 38/48 MP: 6/6
  3235 | D:5      | Entered Level 5 of the Dungeon
  3431 | D:5      | Found a staircase to the Ecumenical Temple.
  3447 | Temple   | Entered the Ecumenical Temple
  3667 | Temple   | Became a worshipper of Kikubaaqudgha
  3918 | D:5      | Reached skill level 6 in Long Blades
  4234 | D:5      | Reached skill level 5 in Fighting
  4234 | D:5      | Reached XP level 7. HP: 45/56 MP: 7/7
  5075 | D:6      | Found a blossoming altar of Fedhas.
  5079 | D:6      | Found an oddly glowing altar of Pakellas.
  5079 | D:6      | Found a shadowy altar of Dithmenos.
  5088 | D:6      | Found a white marble altar of Elyvilon.
  5089 | D:6      | Found a bloodstained altar of Trog.
  5089 | D:6      | Found a snail-covered altar of Cheibriados.
  5091 | D:6      | Found a hide-covered altar of Uskayaw.
  5092 | D:6      | Found a burning altar of Makhleb.
  5093 | D:6      | Found a stormy altar of Qazlal.
  5181 | D:6      | Reached skill level 7 in Long Blades
  5372 | D:6      | Reached XP level 8. HP: 42/64 MP: 8/8
  5994 | D:7      | Reached skill level 8 in Long Blades
  6004 | D:7      | Reached * piety under Kikubaaqudgha
  6004 | D:7      | Received a gift from Kikubaaqudgha
  6015 | D:7      | Identified Kikubaaqudgha's Guide on Sinister Rituals (Kikubaaqudgha gifted it to you on level 7 of the Dungeon)
  6029 | D:7      | Learned a level 1 spell: Animate Skeleton
  6080 | D:7      | Reached skill level 1 in Necromancy
  7679 | D:7      | Reached skill level 9 in Long Blades
  7679 | D:7      | Reached XP level 9. HP: 51/71 MP: 9/9
  8518 | D:7      | Noticed Pikel
  8548 | D:7      | Killed Pikel
  8548 | D:7      | Reached skill level 10 in Long Blades
  8548 | D:7      | Reached skill level 5 in Necromancy
  8732 | D:7      | Reached ** piety under Kikubaaqudgha
  8892 | D:8      | Found Uchudgh's Antique Weapon Shoppe.
  8918 | D:8      | Found Datadgh's Distillery.
  9264 | D:8      | Bought a potion of heal wounds for 60 gold pieces
  9742 | D:8      | Found Caamad's Antique Armour Shop.
 10356 | D:9      | Reached XP level 10. HP: 75/77 MP: 10/10
 10837 | D:9      | Reached skill level 11 in Long Blades
 11607 | D:9      | Found a burning altar of Makhleb.
 11629 | D:9      | Identified a scroll of acquirement
 11630 | D:9      | Got an ancient great sword
 11632 | D:9      | Identified the +5 great sword "Vesmopub" {slice, rC+ Str+3} (You acquired it on level 9 of the Dungeon)
 11711 | D:9      | Reached *** piety under Kikubaaqudgha
 11711 | D:9      | Received a gift from Kikubaaqudgha
 11712 | D:9      | Identified Kikubaaqudgha's Guide on Stolen Souls (Kikubaaqudgha gifted it to you on level 9 of the Dungeon)
 11719 | D:9      | Learned a level 5 spell: Agony
 12150 | D:9      | Noticed an ice statue
 12771 | D:10     | Entered Level 10 of the Dungeon
 12779 | D:10     | Noticed Grum
 12784 | D:10     | Killed Grum
 12790 | D:10     | Reached skill level 12 in Long Blades
 13047 | D:10     | Noticed a hill giant
 13052 | D:10     | Killed a hill giant
 13052 | D:10     | Reached skill level 10 in Necromancy
 13335 | D:10     | Noticed Erica
 13350 | D:10     | HP: 3/77 [Erica/scimitar of flaming (9)]
 13351 | D:10     | Killed from afar by Erica

Vault maps used:
D:1:      dpeg_arrival_three_same_balls, st_stairs_7, supply_closet_lemuel,
          minmay_tromino_v7
D:2:      st_stairs_1, corexii_shack, hangedman_ru_absence
D:5:      first_bread
D:6:      minitemple, gammafunk_temple_overflow_elements
D:7:      kennysheep_housing_project, uniq_pikel
D:8:      serial_shops, shop, shop, nicolae_shop_overgrown_old_shop
D:9:      minmay_twisted_water, hangedman_little_slice_of_home,
          makhleb_heckhound_becter
D:10:     uniq_erica, uniq_grum
Temple:   nicolae_temple_figure_eight

Skill      XL: |  1  2  3  4  5  6  7  8  9 10 |
---------------+-------------------------------+-----
Fighting       | 2 3 4 5 6 |  6.8
Long Blades    | 4 5 6 7 9 10 12 | 12.2
Necromancy     | 4 7 10 | 10.1
Throwing       | |  1.5
Dodging        | |  3.2

Action                   |  1- 3 |  4- 6 |  7- 9 | 10-12 || total
-------------------------+-------+-------+-------+-------++-------
Melee: Long sword        |   118 |   224 |   122 |       ||   464
       Bite              |     8 |    30 |    63 |    32 ||   133
       Scimitar          |       |       |   440 |   184 ||   624
       Great sword       |       |       |       |   109 ||   109
Throw: Tomahawk          |       |     7 |     3 |     1 ||    11
       Throwing net      |       |     1 |     4 |       ||     5
       Javelin           |       |       |     3 |     2 ||     5
 Cast: Animate Skeleton  |       |       |     2 |     3 ||     5
Invok: Receive Corpses   |       |       |       |     1 ||     1
 Abil: End Transformatio |       |       |       |     1 ||     1
       Bat Form          |       |       |       |     1 ||     1
Evoke: Wand              |       |       |     2 |       ||     2
  Use: Scroll            |     3 |    11 |     8 |     7 ||    29
       Potion            |       |     2 |     3 |     3 ||     8
 Stab: Held in net/web   |       |       |     4 |       ||     4
       Invisible         |       |       |     1 |       ||     1
  Eat: Corpse            |     1 |     5 |     9 |     5 ||    20
Armor: Leather armour    |     6 |       |       |       ||     6
       Ring mail         |    36 |     5 |       |       ||    41
       Scale mail        |       |    88 |   223 |   132 ||   443
Dodge: Dodged            |    66 |    95 |   224 |   109 ||   494
Block: Shield            |       |       |    38 |       ||    38
